 Dungeon Crawl Stone Soup version 0.28-b1-1-g3c77fb2ed1 (webtiles) character file.

Game seed: 6183341662802480360

70 zeram the Covered (level 4, -2/29 HPs)
             Began as a Gargoyle Fighter on Jan 29, 2022.
             Slain by a hobgoblin (5 damage)
             ... led by Robin
             ... on level 2 of the Dungeon.
             The game lasted 00:02:00 (2099 turns).

zeram the Covered (Gargoyle Fighter)                Turns: 2099, Time: 00:02:01

Health: -2/29      AC: 11    Str: 21    XL:     4   Next: 22%
Magic:  4/4        EV:  9    Int:  9    God:
Gold:   41         SH:  4    Dex:  9    Spells: 3/3 levels left

rFire   + . .      SeeInvis .   l - +1 mace (drain)
rCold   . . .      Faith    .   c - +0 buckler
rNeg    + . .      Spirit   .   b - +0 scale mail
rPois   ∞          Reflect  .   (no helmet)
rElec   +          Harm     .   n - +0 cloak
rCorr   .          Rampage  .   (no gloves)
Will    .....                   (no boots)
Stlth   ..........              (no amulet)
HPRegen 0.09/turn               e - ring of protection from fire
MPRegen 0.09/turn               (no ring)

@: mighty
A: sickness immunity, AC +3, negative energy resistance 1, electricity
resistance, torment resistance 1, petrification resistance
a: no special abilities


You were on level 2 of the Dungeon.
You visited 1 branch of the dungeon, and saw 2 of its levels.

You collected 41 gold pieces.

Inventory:

Hand Weapons
 a - a +0 flail
 l - a +1 mace of draining (weapon)
Armour
 b - a +0 scale mail (worn)
 c - a +0 buckler (worn)
 n - a +0 cloak (worn)
Jewellery
 e - a ring of protection from fire (left hand)
 h - a ring of resist corrosion
Wands
 m - a wand of flame (16)
Potions
 f - a potion of flight {unknown}
 g - a potion of resistance
 i - a potion of haste {unknown}
 j - a potion of curing {unknown}
 k - a potion of berserk rage {unknown}


   Skills:
 + Level 3.9 Fighting
 + Level 2.7 Maces & Flails
 + Level 4.0 Armour
 + Level 0.2 Dodging
 + Level 3.7 Shields


You had 3 spell levels left.
You didn't know any spells.
Your spell library was empty.

Dungeon Overview and Level Annotations

Branches:
Dungeon (2/15)

Altars:

Annotations:
D:2 Robin


Innate Abilities, Weirdness & Mutations

You are immune to sickness and miasma.
Your stone body is resilient. (AC +3)
You are immune to poison.
You resist negative energy. (rN+)
You are resistant to electric shocks. (rElec)
You are resistant to unholy torment.
You are immune to petrification.


Message History

The goblin no longer looks unusually strong.
The hobgoblin no longer looks unusually strong.
The goblin hits you but does no damage. You block the hobgoblin's attack.
The goblin hits you but does no damage. x2; The hobgoblin barely misses you.
You barely miss the goblin.
The hobgoblin no longer looks unusually strong.
The goblin hits you but does no damage. The goblin closely misses you.
The goblin hits you but does no damage.
The hobgoblin hits you but does no damage.
The goblin closely misses you.
You barely miss the goblin.
The hobgoblin no longer looks unusually strong.
The goblin hits you with a +0 dagger. The hobgoblin closely misses you.
The goblin barely misses you. The goblin hits you but does no damage.
You barely miss the goblin.
The goblin no longer looks unusually strong.
The hobgoblin closely misses you. The goblin closely misses you.
The hobgoblin hits you but does no damage.
The goblin hits you but does no damage. The goblin hits you with a +0 club.
Robin roars a battlecry!
The goblins go into a battle-frenzy!
The hobgoblin hits you but does no damage.
You sock the goblin!
You kill the goblin!
The goblin closely misses you. x2
The hobgoblin hits you but does no damage.
You block the goblin's attack. You block the hobgoblin's attack.
Unknown command.
You barely miss the goblin. The goblin hits you with a +0 club.
* * * LOW HITPOINT WARNING * * *
Robin closely misses you. You block the hobgoblin's attack.
The goblin hits you with a +0 dagger.
* * * LOW HITPOINT WARNING * * *
The hobgoblin hits you but does no damage.
You block the goblin's attack.
You hit Robin.
Robin is moderately wounded.
The hobgoblin barely misses you. The goblin barely misses you.
The hobgoblin hits you.
You die...

################## #####
#### #.................
#).)# #..#
#........)........ #)))#
#..# #†................
#)))#
#..###.................
##'##
#......................
♣♣)♣
#.......g........(.....
♣)♣♣
#......ggg.)...........
♣♣.♣
#......g@gg............
♣)♣♣
#......###g............
♣♣)♣♣
#.......##.....#######.
♣)..♣♣ #.................
♣....♣ #.................
##..## #..................
#....####..................
..........................
.##.#######........


You could see Robin, 4 hobgoblins and 3 goblins.

Vanquished Creatures
  Crazy Yiuf (D:2)
  An adder (D:2)
  4 ball pythons (D:1)
  A bat (D:1)
  3 endoplasms
  A giant cockroach (D:2)
  6 goblins
  3 hobgoblins
  2 kobolds (D:1)
  3 quokkas
  A frilled lizard (D:1)
  4 rats
30 creatures vanquished.

Notes
Turn   | Place    | Note
-------+----------+-------------------------------------------
     0 | D:1      | zeram the Gargoyle Fighter began the quest for the Orb.
     0 | D:1      | Reached XP level 1. HP: 14/14 MP: 1/1
   150 | D:1      | Reached XP level 2. HP: 9/19 MP: 2/2
   575 | D:1      | Found a faded altar of an unknown god.
  1406 | D:1      | Reached XP level 3. HP: 24/24 MP: 3/3
  1748 | D:2      | Found a runed translucent door.
  1749 | D:2      | Noticed Crazy Yiuf
  1764 | D:2      | Killed Crazy Yiuf
  1765 | D:2      | Reached skill level 4 in Armour
  1765 | D:2      | Reached XP level 4. HP: 5/29 MP: 4/4
  2078 | D:2      | Noticed Robin
  2099 | D:2      | Slain by a hobgoblin

Illustrated notes

Levels and vault maps discovered:
D:1:      lemuel_arrival_funnel, layout_basic,
          chequers_ecumenical_altar_simple_redux, hangedman_decor_opposing,
          minmay_hexomino_u4
D:2:      layout_basic, uniq_robin, uniq_crazy_yiuf_cottage

Skill      XL: |  1  2  3 |
---------------+----------+-----
Armour         | 4 |  4.0
Fighting       | |  3.9
Maces & Flails | |  2.7
Dodging        | |  0.2
Shields        | |  3.7

Action                   |  1- 3 |  4- 6 || total
-------------------------+-------+-------++-------
Melee: Flail             |    79 |       ||    79
       Mace              |     5 |    19 ||    24
  Use: Scroll            |     1 |       ||     1
       Potion            |       |     1 ||     1
Armor: Scale mail        |    42 |    31 ||    73
Dodge: Dodged            |    36 |    24 ||    60
Block: Buckler           |    14 |     9 ||    23
